 Dungeon Crawl Stone Soup version 0.23.1 (webtiles) character file.

Game seed: 14194308236404418695

480 Fang the Skirmisher (level 7, 0/44 HPs)
             Began as a Gargoyle Berserker on Mar 5, 2019.
             Was an Elder of Trog.
             Slain by Grinder (4 damage)
             ... on level 4 of the Dungeon.
             The game lasted 00:03:49 (3317 turns).

Fang the Skirmisher (Gargoyle Berserker)            Turns: 3317, Time: 00:03:49

Health: 0/44       AC: 19    Str: 23    XL:     7   Next: 12%
Magic:  7/7        EV:  7    Int:  7    God:    Trog [****..]
Gold:   159        SH:  2    Dex:  9    Spells: 6/6 levels left

rFire    . . .     SeeInvis .   t - +0 war axe
rCold    . . .     Gourm    .   (no shield)
rNeg     + . .     Faith    .   b - +0 plate armour
rPois    ∞         Spirit   .   (no helmet)
rElec    +         Reflect  +   l - +1 cloak
rCorr    .         Harm     .   (no gloves)
MR       .....                  (no boots)
Stlth    ..........             o - +2 amulet of reflection
HPRegen  0.14/turn              (no ring)
MPRegen  0.10/turn              (no ring)

@: berserk cooldown, slowed, very slow
A: negative energy resistance 1, electricity resistance, unbreathing,
petrification resistance, rot immunity, AC +4
a: Berserk, Trog's Hand, Brothers in Arms, Renounce Religion


You were on level 4 of the Dungeon.
You worshipped Trog.
Trog was greatly pleased with you.
You were very hungry.

You visited 1 branch of the dungeon, and saw 4 of its levels.

You collected 159 gold pieces.

Inventory:

Hand Weapons
 t - a +0 war axe (weapon)
Armour
 b - a +0 plate armour (worn)
 l - a +1 cloak (worn)
Jewellery
 o - a +2 amulet of reflection (around neck)
Wands
 f - a wand of acid (3)
 s - a wand of iceblast (5)
Scrolls
 g - 6 scrolls of identify {unknown}
 i - a scroll of fear {unknown}
 k - 4 scrolls of teleportation {unknown}
 m - 4 scrolls of remove curse {unknown}
 p - a scroll of fog {unknown}
 q - 2 scrolls of enchant armour {unknown}
Potions
 d - a potion of degeneration {unknown}
 e - a potion of heal wounds {unknown}
 h - 2 potions of lignification {unknown}
 j - 4 potions of curing {unknown}
 n - a potion of magic {unknown}
Comestibles
 c - 4 rations
 r - a chunk of flesh


   Skills:
 + Level 5.0 Fighting
 + Level 4.2 Axes
 + Level 4.5 Armour
 + Level 3.3 Dodging


You had 6 spell levels left.
You didn't know any spells.
Your spell library was empty.

Dungeon Overview and Level Annotations

Branches:
Dungeon (4/15)
 Temple: D:4-7

Altars:
Hepliaklqana

Annotations:
D:4 Grinder


Innate Abilities, Weirdness & Mutations

You are resistant to torment.
Your stone body is resilient. (AC +4)
You are immune to poison.
You resist negative energy. (rN+)
You are resistant to electric shocks. (rElec)
You can survive without breathing.
You are immune to petrification.
You are immune to rotting.


Message History

The orc priest is severely wounded.
The orc priest looks satisfied for a moment.
You slash the orc priest!
You kill the orc priest!
Trog accepts your kill.
Things that are here:
a +0 whip; a +3 flail; an orc corpse You feel a strong urge to attack something.
You are no longer berserk.
You are exhausted.
You feel yourself slow down. You block Grinder's attack. Grinder hits you.
* * * LOW HITPOINT WARNING * * *
You writhe in agony.
* * * LOW HITPOINT WARNING * * *
There is a stone staircase leading up here.
You slash Grinder!
Grinder is severely wounded.
Grinder hits you.
You die...

.....##.####
.......)#..
#).#.# #
#).#.##.#
#.....>.#
#..#.####
#....#
####5# #@#
#.# #.# ..#
###


You could see Grinder.

Vanquished Creatures
  An ogre (D:3)
  3 orc priests
  A hound (D:3)
  2 orc wizards (D:3)
  8 adders
  3 oozes (D:2)
  3 worms
  4 dart slugs (D:1)
  5 leopard geckos
  20 orcs
  9 bats
  3 giant cockroaches
  10 goblins
  6 hobgoblins
  5 jackals
  4 quokkas
  4 frilled lizards
  10 kobolds
  10 rats
111 creatures vanquished.

Notes
Turn   | Place    | Note
-------+----------+-------------------------------------------
     0 | D:1      | Fang the Gargoyle Berserker began the quest for the Orb.
     0 | D:1      | Reached XP level 1. HP: 14/14 MP: 1/1
    70 | D:1      | Reached XP level 2. HP: 11/19 MP: 2/2
   564 | D:1      | Reached XP level 3. HP: 23/23 MP: 3/3
   774 | D:2      | Reached ** piety under Trog
   902 | D:2      | Reached XP level 4. HP: 27/29 MP: 4/4
  1008 | D:2      | Reached skill level 4 in Fighting
  1268 | D:2      | Found a hazy altar of Hepliaklqana.
  1550 | D:3      | Reached XP level 5. HP: 33/33 MP: 5/5
  1921 | D:3      | Noticed an ogre
  1928 | D:3      | Reached *** piety under Trog
  1932 | D:3      | Killed an ogre
  1944 | D:3      | Reached XP level 6. HP: 5/39 MP: 6/6
  2955 | D:3      | Reached **** piety under Trog
  2955 | D:3      | Reached XP level 7. HP: 30/44 MP: 7/7
  3291 | D:4      | Noticed Grinder
  3302 | D:4      | Reached skill level 5 in Fighting
  3317 | D:4      | Slain by Grinder

Skill      XL: |  1  2  3  4  5  6  7 |
---------------+----------------------+-----
Axes           | 3 4 |  4.2
Dodging        | 2 3 |  3.3
Armour         | 3 4 |  4.5
Fighting       | 4 5 |  5.0

Action                   |  1- 3 |  4- 6 |  7- 9 || total
-------------------------+-------+-------+-------++-------
Melee: Hand axe          |    88 |   264 |     4 ||   356
       War axe           |       |       |    15 ||    15
Invok: Berserk           |     1 |     4 |     1 ||     6
  Eat: Chunk             |     1 |     6 |     2 ||     9
       Ration            |       |     1 |       ||     1
Armor: Animal skin       |     4 |       |       ||     4
       Chain mail        |    51 |    51 |       ||   102
       Skin              |     1 |       |       ||     1
       Plate armour      |       |   194 |    16 ||   210
Dodge: Dodged            |    51 |   131 |     9 ||   191
Block: Other             |       |    16 |     3 ||    19
